 Dungeon Crawl Stone Soup version 0.30-a0-358-g0d69a1922f (webtiles) character file.

Game seed: 3941161288616152433

433 KennySheep the Conjurer (level 6, -3/45 HPs)
             Began as a Demigod Conjurer on Nov 10, 2022.
             Slain by Pikel
             ... wielding a +1 whip of electrocution
              (6 damage)
             ... on level 4 of the Dungeon.
             The game lasted 00:12:44 (3947 turns).

KennySheep the Conjurer (Demigod Conjurer)          Turns: 3947, Time: 00:12:44

Health: -3/45      AC:  3    Str:  8    XL:     6   Next: 39%
Magic:  3/13       EV: 12    Int: 28    God:
Gold:   177        SH:  0    Dex: 12    Spells: 4/11 levels left

rFire   . . .      SeeInvis .    e - +0 dagger
rCold   . . .      Faith    .    (no shield)
rNeg    + . .      Spirit   .    a - +0 robe
rPois   .          Reflect  .    i - +0 helmet
rElec   .          Harm     .    (no cloak)
rCorr   .          Rampage  .    (no gloves)
Will    .....                    (no boots)
Stlth   ++........               (no amulet)
HPRegen 0.27/turn                o - ring of positive energy
MPRegen 0.13/turn                (no ring)

@: hasted, very quick
A: high MP 1, forlorn, divine attributes
a: no special abilities


You were on level 4 of the Dungeon.
You visited 1 branch of the dungeon, and saw 4 of its levels.

You collected 177 gold pieces.

Inventory:

Hand Weapons
 e - a +0 dagger (weapon)
Armour
 a - a +0 robe (worn)
 i - a +0 helmet (worn)
Jewellery
 o - a ring of positive energy (left hand)
Wands
 q - a wand of paralysis (5)
Scrolls
 c - a scroll of poison
 d - 2 scrolls of identify
 f - a scroll of blinking
 l - a scroll of butterflies
 m - a scroll of fear
 p - a scroll of torment
 r - a scroll of enchant weapon
 u - a scroll of magic mapping {unknown}
Potions
 b - 2 potions of magic
 g - a potion of lignification {unknown}
 j - a potion of curing
 k - a potion of ambrosia {unknown}
 n - a potion of might {unknown}
 s - a potion of degeneration {unknown}
 t - 2 potions of mutation
 v - a potion of heal wounds {unknown}
 w - a potion of flight {unknown}


   Skills:
 - Level 1.7 Dodging
 - Level 1.7 Stealth
 + Level 3.0 Spellcasting
 * Level 5.4 Conjurations
 * Level 3.8 Translocations


You had 4 spell levels left.
You knew the following spells:

 Your Spells              Type           Power      Damage    Failure   Level
a - Magic Dart            Conj           100%       1d8       1%          1
b - Searing Ray           Conj           68%        2d6       1%          2
c - Iskenderun's Mystic   Conj/Tloc      30%        2d8       12%         4

Your spell library contained the following spells:

 Spells                   Type           Power      Damage    Failure   Level
 Dazzling Flash           Conj/Hex       38%        N/A       9%          3
 Sublimation of Blood     Necr           4%         N/A       12%         2
 Wereblood                Tmut           4%         N/A       12%         2
 Fulminant Prism          Conj/Hex       9%         3d7       26%         4
 Petrify                  Tmut/Erth      4%         N/A       63%         4
 Summon Ice Beast         Ice/Summ       4%         N/A       63%         4
 Metabolic Englaciation   Hex/Ice        2%         N/A       92%         5
 Summon Mana Viper        Hex/Summ       4%         N/A       92%         5
 Statue Form              Tmut/Erth      2%         N/A       100%        6
 Monstrous Menagerie      Summ           2%         N/A       100%        7
 Summon Hydra             Summ           2%         N/A       100%        7


Dungeon Overview and Level Annotations

Branches:
Dungeon (4/15)
 Temple: D:4-7

Annotations:
D:4 Pikel


Innate Abilities, Weirdness & Mutations

You have an increased reservoir of magic. (+10% MP)
You shall have no god before yourself.
Your divine heritage dramatically boosts your attributes as you level up.


Message History

That felt strangely unrewarding.
You start resting.
Pikel is nearby!
Casting: Searing Ray (safe; 1% risk of failure)
Confirm with . or Enter, or press ? or * to list all spells.
Aiming: Searing Ray (safe; 1% risk of failure)
Press: ? - help, Shift-Dir - straight line The searing ray hits Pikel.
Pikel is lightly wounded.
Pikel shouts! (Press . to maintain the ray.)
The searing ray hits Pikel.
Pikel is lightly wounded.
Pikel hits you with a +1 whip of electrocution.
The searing ray misses Pikel.
Pikel hits you with a +1 whip of electrocution.
The searing ray hits Pikel.
Pikel is lightly wounded.
You finish channelling your searing ray.
Pikel waves his whip at you. Pikel closely misses you.
Casting: Searing Ray (safe; 1% risk of failure)
Confirm with . or Enter, or press ? or * to list all spells.
The spell is quite dangerous to miscast (12% risk of failure)!
Continue anyway?
You erupt in a blast of force!
The mystic blast hits Pikel but does no damage.
Pikel is lightly wounded.
Pikel says, "Hell isn't that bad."
Pikel barely misses you. Pikel attacks as you move away!
Pikel hits you with a +1 whip of electrocution.
You are electrocuted!
An adder comes into view.
Pikel attacks as you move away!
Pikel hits you with a +1 whip of electrocution!
You are electrocuted!
* * * LOW HITPOINT WARNING * * *
You feel yourself speed up.
Pikel hits you with a +1 whip of electrocution.
You die...

#..........# #..........#
#########'## #.# #.# #####'##
######### #.......
##########.K.#...# #.......
#........#)#@#.#.# ###.......
#.#....###S#...#.###.#.......
#.#.#....).#####.....#.......
#.#.#......#####.....#####.##
#.#.##o###.#.#.#.###.........
#.#>.....#.# #.#.# #.#####.##
#.#####..#.. #...# #.# #.#
#........######### #.# #.#
########.........# #.# ###.##


You could see Pikel.

Vanquished Creatures
  Grinder (D:3)
  4 lemures (D:4)
  A scorpion (D:4)
  A necrophage (D:4)
  An orc wizard (D:4)
  An adder (D:3)
  4 worms
  2 dart slugs
  3 orcs
  8 ball pythons
  8 bats
  5 endoplasms
  5 giant cockroaches
  5 goblins
  6 hobgoblins
  5 jackals
  6 kobolds
  2 quokkas
  3 frilled lizards
  5 rats
76 creatures vanquished.

Notes
Turn   | Place    | Note
-------+----------+-------------------------------------------
     0 | D:1      | KennySheep the Demigod Conjurer began the quest for the
                  | Orb.
     0 | D:1      | Reached XP level 1. HP: 14/14 MP: 5/5
   322 | D:1      | Reached XP level 2. HP: 20/20 MP: 4/7
   325 | D:1      | Learned a level 2 spell: Searing Ray
   407 | D:1      | Reached skill level 1 in Translocations
   796 | D:1      | Reached skill level 4 in Conjurations
  1247 | D:2      | Reached XP level 3. HP: 26/26 MP: 4/8
  2545 | D:3      | Noticed Grinder
  2548 | D:3      | Paralysed by Grinder for 5 turns
  2561 | D:3      | Paralysed by Grinder for 4 turns
  2670 | D:3      | Killed Grinder
  2671 | D:3      | Reached skill level 5 in Conjurations
  2671 | D:3      | Reached XP level 4. HP: 33/33 MP: 2/10
  2671 | D:3      | Reached XP level 5. HP: 38/38 MP: 2/12
  3320 | D:4      | Reached XP level 6. HP: 43/45 MP: 5/13
  3413 | D:4      | Learned a level 4 spell: Iskenderun's Mystic Blast
  3571 | D:4      | Noticed Pikel
  3947 | D:4      | Slain by Pikel

Illustrated notes

Levels and vault maps discovered:
D:1:      minmay_arrival_open_corners, layout_basic
D:2:      layout_basic, ebering_ecumenical_altar_hall
D:3:      layout_loops_ring, chequers_serial_rivers_micro_b, nicolae_wormholes,
          uniq_grinder
D:4:      layout_basic, bh_walls_and_bars, uniq_pikel

Skill      XL: |  1  2  3  4  5  6 |
---------------+-------------------+-----
Translocations | 1 3 |  3.8
Spellcasting   | 2 3 |  3.0
Conjurations   | 4 5 |  5.4
Dodging        | |  1.7
Stealth        | |  1.7

Action                   |  1- 3 |  4- 6 || total
-------------------------+-------+-------++-------
Melee: Dagger            |    27 |     2 ||    29
       Punch             |     1 |       ||     1
 Cast: Magic Dart        |   114 |    37 ||   151
       Searing Ray       |     3 |     9 ||    12
       Iskenderun's Myst |       |     1 ||     1
  Use: Scroll            |     6 |     1 ||     7
       Potion            |     3 |     2 ||     5
Armor: Robe              |    14 |     1 ||    15
Dodge: Dodged            |    35 |    17 ||    52

Table legend: (Time is in decaauts)
 A = Elapsed time spent in this place.
 B = Non-inter-level travel time spent in this place.
 C = Inter-level travel time spent in this place.
 D = Time resting spent in this place.
 E = Time spent auto-exploring this place.
 F = Levels seen in this place.
 G = Mean time per level.
                   A        B        C        D        E       F      G
               +--------+--------+--------+--------+--------+-----+--------+
         Total |   3905 |   3802 |    103 |    163 |   3059 |   4 |  976.2 |
       Dungeon |   3905 |   3802 |    103 |    163 |   3059 |   4 |  976.2 |
               +--------+--------+--------+--------+--------+-----+--------+

Top non-repeatable levels by time:
     D:1: 1185 daAuts
     D:3: 1170 daAuts
     D:4: 785 daAuts
     D:2: 764 daAuts
